cohdb
Replays
Latest Replays
All Replays
Popular Replays
Top Player Replays
Match Explorer
How It Works
Community
CoH3 Stats
Reddit
Sign in to upload your games and track your stats! →
Sign in with Steam
Match 41330946
Unlisted
Match 41330946
Overview
Messages
Build Orders
End
Construct Section Command Post
Royal Engineer Section
Dingo Light Scout Car
Construct Platoon Command Post
Infantry Section
Infantry Section
Selects Canadian Shock Battlegroup
Selects Burnout
Selects Pyrotechnics
Selects Churchill Crocodile Heavy Tank
Selects Attacking Spirit
Selects Canadian Shock Section
Construct Company Command Post
Grenade Package
coledj0408
S.W.A
0
0
Comments
sign in to comment!
No comments posted yet!